 Dungeon Crawl Stone Soup version 0.28.0 (webtiles) character file.

Game seed: 6075131189236171682

21 apoch the Chopper (level 2, 0/27 HPs)
             Began as a Minotaur Berserker on Feb 4, 2022.
             Was a Follower of Trog.
             Slain by a gnoll (4 damage)
             ... on level 2 of the Dungeon.
             The game lasted 00:01:29 (333 turns).

apoch the Chopper (Minotaur Berserker)               Turns: 333, Time: 00:01:30

Health: 0/27       AC:  2    Str: 21    XL:     2   Next: 62%
Magic:  1/1        EV: 12    Int:  4    God:    Trog [*.....]
Gold:   32         SH:  0    Dex:  9    Spells: 1/1 levels left

rFire   . . .      SeeInvis .   a - +0 hand axe
rCold   . . .      Faith    .   (no shield)
rNeg    . . .      Spirit   .   b - +0 animal skin
rPois   .          Reflect  .   (helmet restricted)
rElec   .          Harm     .   (no cloak)
rCorr   .          Rampage  .   (no gloves)
Will    .....                   (no boots)
Stlth   +.........              (no amulet)
HPRegen 0.09/turn               (no ring)
MPRegen 0.07/turn               (no ring)

@: no status effects
A: horns 2, retaliatory headbutt
a: Renounce Religion, Berserk


You were on level 2 of the Dungeon.
You worshipped Trog.
Trog was aware of your devotion.
You visited 1 branch of the dungeon, and saw 2 of its levels.

You collected 32 gold pieces.

Inventory:

Hand Weapons
 a - a +0 hand axe (weapon)
Missiles
 d - 3 silver boomerangs (quivered)
Armour
 b - a +0 animal skin (worn)
Scrolls
 c - a scroll of noise {unknown}
 f - a scroll of identify {unknown}
Potions
 e - a potion of curing {unknown}


   Skills:
 + Level 4.1 Fighting
 + Level 4.2 Axes
 + Level 0.1 Throwing
 + Level 2.5 Armour
 + Level 2.3 Dodging


You had one spell level left.
You didn't know any spells.
Your spell library was empty.

Dungeon Overview and Level Annotations

Branches:
Dungeon (1/15)

Altars:


Innate Abilities, Weirdness & Mutations

You have a pair of horns on your head.
You reflexively headbutt those who attack you in melee.


Message History

You close the door.
A gnoll breaks down the door.
The gnoll hits you from afar with a +0 spear.
You open the door. The gnoll barely misses you.
There is an open door here.
You open the door. The gnoll misses you.
There is an open door here.
A bat comes into view.
The gnoll barely misses you.
You hit the bat. Your headbutt misses the bat.
The bat is moderately wounded.
The bat completely misses you. The gnoll barely misses you.
The bat hits you but does no damage. The bat barely misses you.
You furiously retaliate!
You headbutt the bat. The bat closely misses you.
A giant cockroach comes into view.
The bat hits you but does no damage. The bat barely misses you.
You furiously retaliate!
You headbutt the bat.
You kill the bat!
Trog accepts your kill.
The giant cockroach waves its antennae.
The giant cockroach bites you. The giant cockroach closely misses you.
The giant cockroach waves its antennae.
The gnoll closely misses you.
The goblin shoots a stone.
The stone hits you but does no damage. The gnoll misses you.
The giant cockroach closely misses you.
The goblin shoots a stone.
The stone closely misses you.
The gnoll hits you from afar with a +0 spear.
The giant cockroach bites you. The gnoll misses you.
The gnoll barely misses you.
The gnoll hits you from afar with a +0 spear.
You hit the gnoll. You punch the gnoll.
The gnoll is severely wounded.
You closely miss the giant cockroach. You hit the gnoll.
The giant cockroach barely misses you. The gnoll barely misses you.
The gnoll hits you with a +0 halberd!
* * * LOW HITPOINT WARNING * * *
The giant cockroach bites you but does no damage.
The gnoll hits you from afar with a +0 spear.
You die...

##'#####+###########
#.......†..........#
#..................#
#..................#
#..................#
#..................#
##########...g.....#
#..gggg...#
#...@B....#
####...#### #...#
#...# #...# #####


You could see 4 gnolls, a giant cockroach and a goblin.

Vanquished Creatures
  3 bats
  An endoplasm (D:1)
  3 goblins (D:1)
  3 hobgoblins
  4 jackals (D:1)
  A frilled lizard (D:1)
  A kobold (D:1)
16 creatures vanquished.

Notes
Turn   | Place    | Note
-------+----------+-------------------------------------------
     0 | D:1      | apoch the Minotaur Berserker began the quest for the Orb.
     0 | D:1      | Reached XP level 1. HP: 19/19 MP: 0/0
    16 | D:1      | Reached XP level 2. HP: 27/27 MP: 1/1
    28 | D:1      | Found a faded altar of an unknown god.
   285 | D:1      | You fall into a shaft and drop 1 floor!
   333 | D:2      | Slain by a gnoll

Illustrated notes

Levels and vault maps discovered:
D:1:      moated_graveyard_arrival, layout_loops_ring,
          ebering_ecumenical_altar_box
D:2:      layout_basic, serial_shops, nicolae_lakefront_shop

Skill      XL: |  1  2 |
---------------+-------+-----
Fighting       | 4 |  4.1
Axes           | 4 |  4.2
Throwing       | |  0.1
Armour         | |  2.5
Dodging        | |  2.3

Action                   || total
-------------------------++-------
Melee: Hand axe          ||    19
       Punch             ||     1
Throw: Boomerang         ||     9
Armor: Animal skin       ||    10
Dodge: Dodged            ||    34
